 Dungeon Crawl Stone Soup version 0.23.2-40-g277498a001 (webtiles) character file.

Game seed: 5927220479657048261

1407 Hylith the Basher (level 8, 0/48 HPs)
             Began as a Gargoyle Fighter on Aug 13, 2019.
             Was a Follower of Makhleb.
             Slain by Prince Ribbit (9 damage)
             ... on level 5 of the Dungeon.
             The game lasted 00:08:12 (3880 turns).

Hylith the Basher (Gargoyle Fighter)                Turns: 3880, Time: 00:08:13

Health: 0/48       AC: 13    Str: 22    XL:     8   Next: 70%
Magic:  8/8        EV: 13    Int:  9    God:    Makhleb [*.....]
Gold:   160        SH:  9    Dex:  9    Spells: 7/7 levels left

rFire    + + .     SeeInvis .   B - +2 hand axe of Mastery {flame, rF++} (curse)
rCold    . . .     Gourm    .   c - +0 shield
rNeg     + . .     Faith    .   b - +0 scale mail
rPois    ∞         Spirit   .   (no helmet)
rElec    +         Reflect  .   (no cloak)
rCorr    .         Harm     .   (no gloves)
MR       .....                  p - +0 pair of boots
Stlth    +.........             (no amulet)
HPRegen  0.16/turn              j - +6 ring of evasion
MPRegen  0.11/turn              s - ring of stealth

@: no status effects
A: negative energy resistance 1, electricity resistance, unbreathing,
petrification resistance, rot immunity, AC +5
a: Renounce Religion


You were on level 5 of the Dungeon.
You worshipped Makhleb.
Makhleb was aware of your devotion.
You were not hungry.

You visited 1 branch of the dungeon, and saw 5 of its levels.
You also visited: Sewer.

You collected 160 gold pieces.

Inventory:

Hand Weapons
 a - a +0 flail
 y - the +6 hunting sling of Chaos {freeze, rF+ Str+4 Int-3}
   (You found it on level 4 of the Dungeon)

   It causes projectiles fired from it to freeze those they strike, causing
   extra injury to most foes and up to half again as much damage against
   particularly susceptible opponents.
   They can also slow down cold-blooded creatures.
   It affects your strength (+4).
   It affects your intelligence (-3).
   It protects you from fire.
 B - the cursed +2 hand axe of Mastery (weapon) {flame, rF++}
   (You found it on level 4 of the Dungeon)

   It has been specially enchanted to burn those struck by it, causing extra
   injury to most foes and up to half again as much damage against particularly
   susceptible opponents.
   Big, fiery blades are also staple armaments of hydra-hunters.
   It greatly protects you from fire.
   It has a curse placed upon it.
Missiles
 m - 34 stones (quivered)
 z - 6 javelins
Armour
 b - a +0 scale mail (worn)
 c - a +0 shield (worn)
 p - a +0 pair of boots (worn)
Jewellery
 j - a +6 ring of evasion (left hand)
 s - a ring of stealth (right hand)
 F - an uncursed ring of resist corrosion {unknown}
Wands
 d - a wand of polymorph (3)
 g - a wand of flame (8)
 D - a wand of enslavement (5)
Scrolls
 e - 5 scrolls of teleportation {unknown}
 h - 3 scrolls of blinking {unknown}
 i - a scroll of fog {unknown}
 k - 4 scrolls of magic mapping {unknown}
 l - 6 scrolls of identify {unknown}
 o - 3 scrolls of remove curse {unknown}
 q - 2 scrolls of immolation {unknown}
 v - a scroll of enchant weapon {unknown}
 w - a scroll of random uselessness {unknown}
 A - 2 scrolls of noise {unknown}
 C - a scroll of amnesia {unknown}
 G - a scroll of fear {unknown}
Potions
 n - 2 potions of lignification
 r - a potion of berserk rage {unknown}
 t - a potion of cancellation {unknown}
 u - a potion of mutation {unknown}
 x - 3 potions of agility {unknown}
 E - 2 potions of brilliance {unknown}
 H - 2 potions of heal wounds {unknown}
 I - a potion of magic {unknown}
 J - 3 potions of curing {unknown}
 K - a potion of might
Comestibles
 f - 5 rations


   Skills:
 - Level 4.0 Fighting
 + Level 9.9 Maces & Flails
 - Level 4.0 Armour
 - Level 4.0 Shields


You had 7 spell levels left.
You didn't know any spells.
Your spell library was empty.

Dungeon Overview and Level Annotations

Branches:
Dungeon (5/15)
 Temple: D:4-7

Altars:
Ashenzari
Elyvilon
Makhleb
Okawaru
Sif Muna
The Shining One

Annotations:
D:5 Prince Ribbit


Innate Abilities, Weirdness & Mutations

You are resistant to torment.
Your stone body is resilient. (AC +5)
You are immune to poison.
You resist negative energy. (rN+)
You are resistant to electric shocks. (rElec)
You can survive without breathing.
You are immune to petrification.
You are immune to rotting.


Message History

Prince Ribbit is severely wounded.
Prince Ribbit blinks!
Throwing (i - inventory. (/) - cycle)
m - 35 stones (quivered)
Press: ? - help, Shift-Dir - straight line, f/p - Prince Ribbit
Aim: Prince Ribbit (severely wounded)
You throw a stone. The stone barely misses Prince Ribbit.
You slash Prince Ribbit! You burn Prince Ribbit.
Prince Ribbit is almost dead.
Prince Ribbit hits you!
* * * LOW HITPOINT WARNING * * *
Prince Ribbit misses you.
Your shield and scale mail prevent you from hitting Prince Ribbit.
Prince Ribbit is almost dead.
Prince Ribbit casts a spell.
Prince Ribbit looks slightly unstable.
Unknown command.
You hit Prince Ribbit. You burn Prince Ribbit.
Prince Ribbit is almost dead.
Prince Ribbit barely misses you. Prince Ribbit hits you!
You die...

(...# ####(..(##
#.......!#
#........#
#........# #####
#........# ....
+........+
#.####.@F....(#
#).......?#####
#.........#
#.....#...#
###.....##+##
..###.......####
#.# #...........
#.###...........
####.##............


You could see Prince Ribbit.

Vanquished Creatures
  Grinder (D:4)
  Eustachio (D:5)
  Menkaure (D:5)
  Edmund (D:4)
  Duvessa (D:4)
  An ice beast (D:5)
  A phantom (D:4)
  An ogre (D:3)
  A bullfrog (D:5)
  Dowan (D:4)
  Crazy Yiuf (D:3)
  Terence (D:3)
  3 orc wizards
  A worker ant (D:4)
  A hound zombie (D:5)
  A hound skeleton (D:4)
  7 adders
  A river rat (Sewer)
  3 oozes
  A worm (D:3)
  4 leopard geckos
  7 orcs
  9 bats
  4 giant cockroaches
  6 hobgoblins
  4 quokkas
  5 ball pythons
  7 frilled lizards
  9 goblins
  6 kobolds
  10 rats
101 creatures vanquished.

Notes
Turn   | Place    | Note
-------+----------+-------------------------------------------
     0 | D:1      | Hylith the Gargoyle Fighter began the quest for the Orb.
     0 | D:1      | Reached XP level 1. HP: 14/14 MP: 1/1
   381 | D:1      | Reached XP level 2. HP: 15/19 MP: 2/2
   766 | D:2      | Reached XP level 3. HP: 21/23 MP: 3/3
  1613 | D:2      | Found a deep blue altar of Sif Muna.
  1891 | D:3      | Reached XP level 4. HP: 27/29 MP: 4/4
  1893 | D:3      | Noticed Terence
  1903 | D:3      | Killed Terence
  1906 | D:3      | Reached skill level 3 in Maces & Flails
  1925 | D:3      | Found a shattered altar of Ashenzari.
  2205 | D:3      | Found a runed translucent door.
  2206 | D:3      | Noticed Crazy Yiuf
  2242 | D:3      | Reached XP level 5. HP: 32/33 MP: 5/5
  2379 | D:3      | Killed Crazy Yiuf
  2466 | D:3      | Noticed an ogre
  2472 | D:3      | Killed an ogre
  2472 | D:3      | Reached skill level 4 in Maces & Flails
  2472 | D:3      | Reached XP level 6. HP: 38/38 MP: 6/6
  2569 | D:4      | Got a dazzling hunting sling
  2573 | D:4      | Identified the +6 hunting sling of Chaos {freeze, rF+ Str+4
                  | Int-3} (You found it on level 4 of the Dungeon)
  2663 | D:4      | Noticed a phantom
  2664 | D:4      | Noticed Grinder
  2670 | D:4      | Reached skill level 5 in Maces & Flails
  2698 | D:4      | Killed Grinder
  2698 | D:4      | Reached skill level 6 in Maces & Flails
  2698 | D:4      | Reached XP level 7. HP: 26/43 MP: 7/7
  2786 | D:4      | Found a burning altar of Makhleb.
  2787 | D:4      | Found a white marble altar of Elyvilon.
  2810 | D:4      | Found an iron altar of Okawaru.
  2844 | D:4      | Became a worshipper of Makhleb the Destroyer
  2872 | D:4      | Noticed Edmund
  2897 | D:4      | Killed Edmund
  2897 | D:4      | Reached skill level 7 in Maces & Flails
  2925 | D:4      | Noticed Dowan
  2926 | D:4      | Noticed Duvessa
  2950 | D:4      | Killed Duvessa
  2966 | D:4      | Killed Dowan
  2966 | D:4      | Reached skill level 8 in Maces & Flails
  3100 | D:4      | Reached XP level 8. HP: 29/48 MP: 8/8
  3213 | D:4      | Found a glowing golden altar of the Shining One.
  3245 | D:4      | Got a bloodstained hand axe
  3252 | D:4      | Identified the cursed +2 hand axe of Mastery {flame, rF++}
                  | (You found it on level 4 of the Dungeon)
  3322 | D:5      | Entered Level 5 of the Dungeon
  3322 | D:5      | Noticed Menkaure
  3323 | D:5      | Noticed Eustachio
  3326 | D:5      | Killed Menkaure
  3340 | D:5      | Killed Eustachio
  3340 | D:5      | Reached skill level 9 in Maces & Flails
  3409 | D:5      | Found a glowing drain.
  3417 | Sewer    | Entered a sewer
  3555 | Sewer    | Reached * piety under Makhleb
  3857 | D:5      | Noticed Prince Ribbit
  3880 | D:5      | Slain by Prince Ribbit

Skill      XL: |  1  2  3  4  5  6  7  8 |
---------------+-------------------------+-----
Armour         | 4 |  4.0
Shields        | 4 |  4.0
Fighting       | 4 |  4.0
Maces & Flails | 3 4 6 8 9 |  9.9

Action                   |  1- 3 |  4- 6 |  7- 9 || total
-------------------------+-------+-------+-------++-------
Melee: Flail             |   130 |   113 |    81 ||   324
       Hand axe          |       |       |   108 ||   108
Throw: Stone             |       |       |     6 ||     6
Evoke: Wand              |       |       |     5 ||     5
  Use: Potion            |       |     1 |     2 ||     3
  Eat: Chunk             |     3 |     3 |     1 ||     7
       Ration            |       |       |     1 ||     1
Armor: Scale mail        |    52 |    36 |    50 ||   138
       Skin              |       |       |    13 ||    13
Dodge: Dodged            |    96 |    46 |    78 ||   220
Block: Shield            |    71 |    65 |    75 ||   211
